 Dungeon Crawl Stone Soup version 0.30.1 (webtiles) character file.

Game seed: 5193148213827594171

37 Arctor the Insei (level 3, -1/23 HPs)
             Began as an Octopode Transmuter on July 9, 2023.
             Slain by a gnoll
             ... wielding a +0 halberd
              (16 damage)
             ... on level 2 of the Dungeon.
             The game lasted 00:01:34 (1547 turns).

Arctor the Insei (Octopode Transmuter)              Turns: 1547, Time: 00:01:34

Health: -1/23      AC:  1    Str:  9    XL:     3   Next: 41%
Magic:  5/6        EV: 13    Int: 17    God:
Gold:   26         SH:  0    Dex: 12    Spells: 5/6 levels left

rFire   . .          .
                       - Unarmed
rCold   . . .        (no shield)
rNeg    . . .        (helmet restricted)
rPois   .            (no amulet)
rElec   .            (no ring)
rCorr   .            (no ring)
SInv    .            (no ring)
Will    .....        (no ring)
Stlth   ++           (no ring)
HPRegen 0.23/turn    (no ring)
MPRegen 0.10/turn    (no ring)
                     (no ring)

%: no passive effects
@: very slightly contaminated
A: almost no armour, amphibious, 8 rings, camouflage 1, gelatinous body 1,
(nimble swimmer 1), tentacles
a: no special abilities


You were on level 2 of the Dungeon.
You visited 1 branch of the dungeon, and saw 2 of its levels.

You collected 26 gold pieces.

Inventory:

Scrolls
 b - a scroll of silence {unknown}
 e - 2 scrolls of teleportation {unknown}
 f - a scroll of enchant weapon {unknown}
 h - a scroll of amnesia {unknown}
 i - a scroll of identify {unknown}
Potions
 a - a potion of lignification
 c - 2 potions of attraction {unknown}
 d - 2 potions of heal wounds {unknown}
 g - 2 potions of curing {unknown}
 j - a potion of flight {unknown}
 k - a potion of resistance {unknown}


   Skills:
 + Level 1.6 Fighting
 + Level 2.4 Dodging
 + Level 3.2 Unarmed Combat
 + Level 2.3 Spellcasting
 + Level 2.4 Transmutations


You had 5 spell levels left.
You knew the following spells:

 Your Spells              Type           Power      Damage    Failure   Level
a - Beastly Appendage     Tmut           20%        N/A       7%          1

Your spell library contained the following spells:

 Spells                   Type           Power      Damage    Failure   Level
 Wereblood                Tmut           10%        N/A       11%         2
 Magic Dart               Conj           4%         1d3       19%         1
 Call Imp                 Summ           2%         N/A       28%         2
 Spider Form              Tmut/Pois      6%         N/A       34%         3
 Mephitic Cloud           Conj/Pois/Air  1%         N/A       50%         3
 Ice Form                 Ice/Tmut       6%         N/A       75%         4
 Petrify                  Tmut/Erth      6%         N/A       75%         4
 Metabolic Englaciation   Hex/Ice        0%         N/A       99%         5
 Statue Form              Tmut/Erth      4%         N/A       100%        6


Dungeon Overview and Level Annotations

Branches:
Dungeon (2/15)

Altars:


Innate Abilities, Weirdness & Mutations

You cannot wear most types of armour.
You are amphibious.
You can wear up to eight rings at the same time.
Your skin changes colour to match your surroundings (Stealth+).
Your rubbery body absorbs attacks. (AC +1, EV +1)
((You are camouflaged when in or above water. (Stealth+)))
You have tentacles for arms and can constrict up to eight enemies at once.


Message History

You kill the rat!
No target in view!
Your transformation is almost over.
You now have 26 gold pieces (gained 8).
k - a glowing purple potion No target in view!
Your tentacle spike disappears.
e - 2 scrolls labelled QUSTACZUOJI (gained 1) 2 gnolls and an adder come into view.
The gnoll shouts!
You hear a shout!
The adder moves out of view.
A gnoll comes into view. It is wielding a +0 halberd.
There are monsters nearby!
You miscast Beastly Appendage.
You are very lightly contaminated with residual magic.
Nothing appears to happen.
The adder hisses angrily.
You hear a shout!
The gnoll misses you.
You barely miss the gnoll. Your grab misses the gnoll.
The gnoll hits you with a +0 club.
You closely miss the gnoll. You grab the gnoll. You constrict the gnoll.
The gnoll hits you with a +0 club. The gnoll closely misses you.
You tentacle-slap the gnoll but do no damage.
The gnoll is lightly wounded.
You constrict the gnoll, but do no damage.
The gnoll barely misses you. x2
You tentacle-slap the gnoll.
The gnoll is lightly wounded.
You constrict the gnoll. The gnoll hits you with a +0 club.
An endoplasm comes into view.
The gnoll completely misses you.
You tentacle-slap the gnoll.
The gnoll is heavily wounded.
You constrict the gnoll. The gnoll closely misses you. The gnoll misses you.
You tentacle-slap the gnoll.
The gnoll is severely wounded.
You constrict the gnoll. The gnoll misses you.
The gnoll hits you from afar with a +0 halberd!
Ouch! That really hurt!
You die... ### ..# #.# gSJ

#g# #g#
#@################
#.................
##################


You could see 3 gnolls, an adder and an endoplasm.

Vanquished Creatures
  A gnoll (D:1)
  2 dart slugs
  3 endoplasms (D:1)
  2 goblins (D:1)
  2 hobgoblins (D:1)
  2 kobolds (D:1)
  A quokka (D:1)
  7 ball pythons (D:1)
  A frilled lizard (D:1)
  2 rats
23 creatures vanquished.

Notes
Turn   | Place    | Note
-------+----------+-------------------------------------------
     0 | D:1      | Arctor the Octopode Transmuter began the quest for the Orb.
     0 | D:1      | Reached XP level 1. HP: 13/13 MP: 3/3
   165 | D:1      | Reached XP level 2. HP: 18/18 MP: 3/5
   868 | D:1      | Reached XP level 3. HP: 12/23 MP: 6/6
  1249 | D:1      | Found a faded altar of an unknown god.
  1547 | D:2      | Slain by a gnoll

Illustrated notes

Levels and vault maps discovered:
D:1:      dpeg_chamrin_arrival_tetris, layout_loops_corners,
          basic_ecumenical_altar
D:2:      layout_loops_ring

Action                     || total
---------------------------++-------
  Melee: Unarmed           ||    40
         Kick              ||    12
         Constrict         ||    14
         Tentacles         ||    13
         Punch             ||     1
   Cast: Beastly Appendage ||    23
   Stab: Sleeping          ||     3
  Dodge: Dodged            ||    21
